 Dungeon Sprint DCSS version 0.29-a0-1033-gb6c65ffae6 (webtiles) character file.

Game seed: 15380914863354365717

7269 mhtbhm the Sorcerer (level 10, -5/52 HPs)
             Began as a Deep Elf Fire Elementalist on Aug 14, 2022.
             Was the Champion of Vehumet.
             Engulfed by a cloud of flame (25 damage)
             ... in the Dungeon (Sprint III: "The Ten Rune Challenge").
             The game lasted 00:07:23 (1820 turns).

mhtbhm the Sorcerer (Deep Elf Fire Elementalist)    Turns: 1820, Time: 00:07:23

Health: -5/52      AC:  3    Str:  5    XL:     10   Next: 89%
Magic:  34/37      EV: 15    Int: 23    God:    Vehumet [******]
Gold:   4403       SH:  0    Dex: 17    Spells: 27/51 levels left

rFire   . . .      SeeInvis .   i - +2 quarterstaff (chaos)
rCold   . . .      Faith    .   (shield currently unavailable)
rNeg    . . .      Spirit   .   a - +0 robe
rPois   .          Reflect  .   (helmet restricted)
rElec   .          Harm     .   d - +0 cloak
rCorr   .          Rampage  .   (no gloves)
Will    +....      NoTele   +   (no boots)
Stlth   ++........              p - amulet of magic regeneration
HPRegen 0.17/turn               (no ring)
MPRegen 0.65/turn               (no ring)

@: very slow
A: antennae 1
a: Renounce Religion


You were in the Dungeon.
You worshipped Vehumet.
Vehumet was exalted by your worship.
You visited 1 branch You collected 5585 gold pieces.
You spent 1182 gold pieces at shops.

Inventory:

Hand Weapons
 i - a +2 quarterstaff of chaos (weapon)
Armour
 a - a +0 robe (worn)
 d - a +0 cloak (worn)
Jewellery
 p - an amulet of magic regeneration (around neck)
Scrolls
 g - a scroll of blinking
 k - a scroll of poison
 n - a scroll of immolation
 o - a scroll of fear
 q - a scroll of enchant weapon
 s - a scroll of summoning
Potions
 b - 2 potions of magic
 c - a potion of curing
 m - 2 potions of flight {unknown}
Miscellaneous
 h - a box of beasts
 j - a lightning rod (4/4)


   Skills:
 + Level 1.5 Fighting
 + Level 3.1 Staves
 + Level 6.1 Dodging
 + Level 6.4 Stealth
 + Level 21.3 Spellcasting
 + Level 9.4 Conjurations
 + Level 4.4 Hexes
 + Level 17.6 Fire Magic
 + Level 4.7 Evocations


You had 27 spell levels left.
You knew the following spells:

 Your Spells              Type           Power      Damage    Failure   Level
a - Foxfire               Conj/Fire      100%       2x1d9     0%          1
b - Scorch                Fire           100%       2d10      0%          2
c - Conjure Flame         Conj/Fire      72%        6-21      0%          3
d - Inner Flame           Hex/Fire       66%        N/A       1%          3
e - Flame Wave            Conj/Fire      72%        2d16      1%          4
f - Mephitic Cloud        Conj/Pois/Air  39%        N/A       1%          3
g - Dazzling Flash        Conj/Hex       100%       N/A       1%          3
h - Fireball              Conj/Fire      36%        3d15      1%          5

Your spell library contained the following spells:

 Spells                   Type           Power      Damage    Failure   Level
 Iron Shot                Conj/Erth      23%        9d5       11%         6
 Magic Dart               Conj           100%       1d8       1%          1
 Ensorcelled Hibernation  Hex/Ice        68%        N/A       1%          2
 Call Imp                 Summ           24%        N/A       2%          2
 Passwall                 Tmut/Erth      20%        N/A       2%          2
 Swiftness                Air            24%        N/A       5%          3


Dungeon Overview and Level Annotations

Branches:
Dungeon (1/1)

Altars:
Cheibriados
Dithmenos
Elyvilon
Fedhas
Gozag
Hepliaklqana
Kikubaaqudgha
Makhleb
Nemelex Xobeh
Okawaru
Qazlal
Ru
Sif Muna
Trog
Uskayaw
Vehumet
Wu Jian
Xom
Yredelemnul
Zin
The Shining One
Jiyva
Lugonu

Shops:
D *


Innate Abilities, Weirdness & Mutations

You have a pair of small antennae on your head.


Message History

You open the door.
A komodo dragon and 2 cane toads come into view.
The cane toad gives a loud, deep croak! x2; The komodo dragon hisses angrily.
Unknown command.
Casting: Flame Wave (safe; 1% risk of failure)
Confirm with . or Enter, or press ? or * to list all spells.
Flames lash the cane toad.
The cane toad is moderately wounded.
The cane toad's fire resistance burns away.
The cane toad stings you!
You are poisoned.
The cane toad poisons you!
Casting: Scorch (safe; 0% risk of failure)
Confirm with . or Enter, or press ? or * to list all spells.
Casting: Flame Wave (safe; 1% risk of failure)
Press: ? - help, Dir - look around, f - activate A wave of flame ripples out!
The flame wave engulfs the cane toad!!
The cane toad is heavily wounded.
The tree burns like a torch! (Press . to intensify the flame waves.)
You feel very sick. The cane toad stings you!
A wave of flame ripples out!
The flame wave engulfs the cane toad!
The cane toad is severely wounded.
The flame wave engulfs the cane toad!!
The cane toad is burned terribly!
You kill the cane toad!
Vehumet accepts your kill.
You feel your power returning.
The tree burns like a torch!
You are engulfed in blazing flames.
You feel very sick.
The cane toad is engulfed in blazing flames.
You kill the cane toad!
Vehumet accepts your kill.
Vehumet offers you knowledge of Iron Shot.
The forest fire spreads!
Your Staves skill increases to level 3!
Your Spellcasting skill increases to level 21!
Unknown command.
You feel better.
You are engulfed in blazing flames.
You die...

~~~♣..♣.'.⌠........#.#)#..##.##
≈≈~~~...#...######'#.)#)...#..#
≈~~~....#.⌠.#__#...#'############
~~~.....#...#__#...#.)~~§'.#.)...
~.......#'###__#...#.#~~§#.#.#)..
........#)).#__#...'.#§§.#.#.#)..
........#___#__'...#.#...#...#...
▓▓▓▓▓▓▓▓▓▓▓▓▓▓▓▓▓▓▓▓▓▓▓▓▓▓▓▓▓▓▓▓▓
♣§§@§§........~~~...
♣§§§§§≈≈≈≈≈≈≈≈≈≈♣♣P.
#§§l§§§§♣♣♣♣♣♣♣♣♣♣♣PP #..♣♣♣♣♣♣
♣♣♣ ###


You could see a komodo dragon.

Vanquished Creatures
  A centaur warrior (D)
  Erica (D)
  An orc high priest (D)
  A deep elf pyromancer (D)
  An orc knight (D)
  2 cane toads (D)
  An unseen horror (D)
  3 wandering mushrooms (D)
  A queen bee (D)
  A shadow (D)
  A spatial vortex (D)
  4 orc warriors (D)
  2 centaurs (D)
  A necrophage (D)
  A water elemental (D)
  32 killer bees (D)
  A jelly (D)
  3 orc priests (D)
  Crazy Yiuf (D)
  Jessica (D)
  A wizard (D)
  A necromancer (D)
  3 humans (D)
  A kobold demonologist (D)
  9 orcs (D)
  2 endoplasms (D)
  A rat (D)
78 creatures vanquished.

Vanquished Creatures (collateral kills)
  An earth elemental (D)
1 creature vanquished.

Vanquished Creatures (others)
  21 foxfires (D)
  3 plants (D)
24 creatures vanquished.

Grand Total: 103 creatures vanquished

Notes
Turn   | Place    | Note
-------+----------+-------------------------------------------
     0 | D        | mhtbhm the Deep Elf Fire Elementalist began the quest for
                  | the Orb.
     0 | D        | Reached XP level 1. HP: 10/10 MP: 6/6
    72 | D        | Noticed Jessica
    79 | D        | Killed Jessica
    80 | D        | Reached skill level 4 in Spellcasting
    80 | D        | Reached skill level 5 in Fire Magic
    80 | D        | Reached XP level 2. HP: 15/15 MP: 1/9
    80 | D        | Reached XP level 3. HP: 19/19 MP: 1/11
    93 | D        | Learned a level 2 spell: Scorch
    97 | D        | Learned a level 3 spell: Conjure Flame
   101 | D        | Learned a level 3 spell: Inner Flame
   187 | D        | Reached skill level 5 in Spellcasting
   434 | D        | Noticed Crazy Yiuf
   441 | D        | Killed Crazy Yiuf
   442 | D        | Reached skill level 6 in Spellcasting
   442 | D        | Reached XP level 4. HP: 24/24 MP: 5/14
   504 | D        | Gained mutation: You have a pair of small horns on your
                  | head. [potion of mutation]
   504 | D        | Gained mutation: You are clumsy. (Dex -2) [potion of
                  | mutation]
   504 | D        | Gained mutation: You have sharp fingernails. [potion of
                  | mutation]
   507 | D        | Lost mutation: You have sharp fingernails. [potion of
                  | mutation]
   507 | D        | Lost mutation: You are clumsy. (Dex -2) [potion of
                  | mutation]
   507 | D        | Gained mutation: You occasionally shout uncontrollably at
                  | your foes. [potion of mutation]
   508 | D        | Lost mutation: You have a pair of small horns on your head.
                  | [potion of mutation]
   508 | D        | Lost mutation: You occasionally shout uncontrollably at
                  | your foes. [potion of mutation]
   508 | D        | Gained mutation: You have a pair of small antennae on your
                  | head. [potion of mutation]
   523 | D        | Learned a level 4 spell: Flame Wave
   530 | D        | Noticed a water elemental
   543 | D        | Killed a water elemental
   544 | D        | Reached skill level 7 in Spellcasting
   556 | D        | Found a radiant altar of Vehumet.
   557 | D        | Found a shimmering blue altar of Sif Muna.
   557 | D        | Found an ancient bone altar of Kikubaaqudgha.
   557 | D        | Noticed a wizard
   560 | D        | Killed a wizard
   561 | D        | Reached skill level 8 in Spellcasting
   561 | D        | Reached XP level 5. HP: 28/28 MP: 4/17
   570 | D        | Became a worshipper of Vehumet
   581 | D        | Found a glowing silver altar of Zin.
   581 | D        | Found a glowing golden altar of the Shining One.
   581 | D        | Found a white marble altar of Elyvilon.
   581 | D        | Noticed a deep elf pyromancer
   586 | D        | Killed a deep elf pyromancer
   587 | D        | Reached skill level 5 in Dodging
   587 | D        | Reached skill level 12 in Spellcasting
   587 | D        | Reached skill level 5 in Conjurations
   587 | D        | Reached XP level 6. HP: 32/32 MP: 13/23
   587 | D        | Reached XP level 7. HP: 36/36 MP: 14/25
   587 | D        | Found a hide-covered altar of Uskayaw.
   587 | D        | Found an iron altar of Okawaru.
   587 | D        | Found a bloodstained altar of Trog.
   587 | D        | Found an ornate altar of the Wu Jian Council.
   587 | D        | Noticed a human
   587 | D        | Noticed a human
   592 | D        | Killed a human
   592 | D        | Killed a human
   592 | D        | Reached * piety under Vehumet
   592 | D        | Offered knowledge of Shock by Vehumet.
   593 | D        | Reached skill level 5 in Stealth
   593 | D        | Reached skill level 13 in Spellcasting
   666 | D        | Found a basalt altar of Yredelemnul.
   666 | D        | Found a shadowy altar of Dithmenos.
   666 | D        | Found a sacrificial altar of Ru.
   669 | D        | Reached skill level 14 in Spellcasting
   674 | D        | Reached XP level 8. HP: 37/41 MP: 11/28
   761 | D        | Reached ** piety under Vehumet
   761 | D        | Offered knowledge of Searing Ray by Vehumet.
   805 | D        | Found a blossoming altar of Fedhas.
   805 | D        | Found a stormy altar of Qazlal.
   806 | D        | Found a snail-covered altar of Cheibriados.
   806 | D        | Found a burning altar of Makhleb.
   806 | D        | Found a hazy altar of Hepliaklqana.
   806 | D        | Found a shimmering altar of Xom.
   806 | D        | Found an opulent altar of Gozag.
   806 | D        | Found a sparkling altar of Nemelex Xobeh.
   806 | D        | Found a corrupted altar of Lugonu.
   806 | D        | Found a viscous altar of Jiyva.
   821 | D        | Reached skill level 15 in Spellcasting
   960 | D        | Noticed Erica
   968 | D        | Killed Erica
   968 | D        | Offered knowledge of Dazzling Flash by Vehumet.
   969 | D        | Reached skill level 16 in Spellcasting
  1028 | D        | Learned a level 3 spell: Mephitic Cloud
  1032 | D        | Learned a level 3 spell: Dazzling Flash
  1169 | D        | Found Iceofa Xekh's General Store.
  1171 | D        | Noticed an orc knight
  1172 | D        | Reached *** piety under Vehumet
  1172 | D        | Offered knowledge of Olgreb's Toxic Radiance by Vehumet.
  1175 | D        | Reached **** piety under Vehumet
  1176 | D        | Reached XP level 9. HP: 32/45 MP: 25/31
  1176 | D        | Noticed an orc high priest
  1178 | D        | Reached skill level 17 in Spellcasting
  1178 | D        | Reached skill level 1 in Hexes
  1180 | D        | Killed an orc high priest
  1180 | D        | Reached ***** piety under Vehumet
  1181 | D        | Reached skill level 18 in Spellcasting
  1181 | D        | Reached skill level 15 in Fire Magic
  1187 | D        | Killed an orc knight
  1321 | D        | Bought a box of beasts for 520 gold pieces
  1321 | D        | Bought an amulet of magic regeneration for 390 gold pieces
  1321 | D        | Bought a scroll of enchant weapon for 97 gold pieces
  1321 | D        | Bought a scroll of identify for 26 gold pieces
  1321 | D        | Bought a scroll of summoning for 123 gold pieces
  1321 | D        | Bought a scroll of identify for 26 gold pieces
  1356 | D        | Offered knowledge of Fireball by Vehumet.
  1495 | D        | Learned a level 5 spell: Fireball
  1510 | D        | Noticed a centaur warrior
  1511 | D        | Offered knowledge of Freezing Cloud by Vehumet.
  1513 | D        | Reached skill level 19 in Spellcasting
  1514 | D        | Killed a centaur warrior
  1515 | D        | Reached skill level 1 in Fighting
  1515 | D        | Reached skill level 1 in Staves
  1515 | D        | Reached XP level 10. HP: 52/52 MP: 28/35
  1639 | D        | Reached skill level 20 in Spellcasting
  1705 | D        | Offered knowledge of Lee's Rapid Deconstruction by Vehumet.
  1707 | D        | Reached ****** piety under Vehumet
  1816 | D        | Noticed a cane toad
  1816 | D        | Noticed a cane toad
  1819 | D        | Killed a cane toad
  1819 | D        | Killed a cane toad
  1819 | D        | Offered knowledge of Iron Shot by Vehumet.
  1820 | D        | Reached skill level 21 in Spellcasting
  1820 | D        | Engulfed by a cloud of flame

Illustrated notes

Levels and vault maps discovered:
D:        dungeon_sprint_mu [sprint_mu_entry_forest, sprint_mu_temple_rooms,
          sprint_mu_d1_horrors, sprint_mu_d2_genie, sprint_mu_d3_branching,
          sprint_mu_orc_legion, sprint_mu_elf_gauntlet, sprint_mu_hive_nellie,
          sprint_mu_lair_fedhas, sprint_mu_vaults_butterflies,
          sprint_mu_slime_circle, sprint_mu_swamp_cave, sprint_mu_shoals_kraken,
          sprint_mu_blade_basic, sprint_mu_crypt_chambers,
          sprint_mu_tomb_spiral, sprint_mu_vestibule_basic,
          sprint_mu_gehenna_hellfire, sprint_mu_dis_giant,
          sprint_mu_tartarus_statrot, sprint_mu_cocytus_islands, sprint_mu_zot1]

Skill      XL: |  1  2  3  4  5  6  7  8  9 10 |
---------------+-------------------------------+-----
Fire Magic     | 5 7 8 11 12 14 16 17 | 17.6
Dodging        | 3 4 5 6 |  6.1
Stealth        | 3 4 5 6 |  6.4
Spellcasting   | 4 6 8 12 14 16 19 21 | 21.3
Conjurations   | 2 3 5 6 7 8 9 |  9.4
Hexes          | 3 4 |  4.4
Evocations     | 3 4 |  4.7
Fighting       | 1 |  1.5
Staves         | 1 3 |  3.1

Action                   |  1- 3 |  4- 6 |  7- 9 | 10-12 || total
-------------------------+-------+-------+-------+-------++-------
Melee: Quarterstaff      |       |       |    11 |       ||    11
 Cast: Foxfire           |    11 |     4 |       |       ||    15
       Scorch            |     7 |     4 |    14 |    13 ||    38
       Flame Wave        |       |     2 |    14 |     5 ||    21
       Inner Flame       |       |       |     4 |       ||     4
       Mephitic Cloud    |       |       |     1 |       ||     1
Evoke: Lightning rod     |       |       |     8 |       ||     8
       Box of beasts     |       |       |     1 |       ||     1
  Use: Potion            |     1 |     5 |     2 |     1 ||     9
       Scroll            |       |       |     4 |       ||     4
 Stab: Distracted        |       |       |     1 |       ||     1
Armor: Robe              |     2 |       |     2 |       ||     4
Dodge: Dodged            |     3 |     1 |    17 |     6 ||    27

Table legend: (Time is in decaauts)
 A = Elapsed time spent in this place.
 B = Non-inter-level travel time spent in this place.
 C = Inter-level travel time spent in this place.
 D = Time resting spent in this place.
 E = Time spent auto-exploring this place.
 F = Levels seen in this place.
 G = Mean time per level.
                   A        B        C        D        E       F      G
               +--------+--------+--------+--------+--------+-----+--------+
         Total |   1830 |   1830 |      0 |   1236 |      0 |   1 | 1830.0 |
       Dungeon |   1830 |   1830 |      0 |   1236 |      0 |   1 | 1830.0 |
               +--------+--------+--------+--------+--------+-----+--------+

Top non-repeatable levels by time:
       D: 1830 daAuts
